 Dungeon Crawl Stone Soup version 0.23-a0-375-g66a18ee (webtiles) character file.

5528 BingusPrime the Quickloader (level 10, -1/92 HPs)
             Began as a Deep Dwarf Hunter on Oct 26, 2018.
             Splashed by a jelly's acid (7 damage)
             ... on level 9 of the Dungeon.
             The game lasted 00:44:29 (7451 turns).

BingusPrime the Quickloader (Deep Dwarf Hunter)     Turns: 7451, Time: 00:44:30

Health: -1/92      AC: -7    Str: 17    XL:     10   Next: 43%
Magic:  0/0        EV: 13    Int: 12    God:
Gold:   421        SH:  0    Dex: 15    Spells: 9/9 levels left

rFire    + + +     SeeInvis .   k - +1 war axe
rCold    . . .     Gourm    .   (no shield)
rNeg     . . .     Faith    .   j - +0 scale mail "Ilacved" {rF+ Regen+}
rPois    .         Spirit   .   (helmet restricted)
rElec    .         Reflect  .   (no cloak)
rCorr    .         Harm     .   (no gloves)
MR       +....                  (no boots)
Stlth    +.........             K - amulet of rage
HPRegen  0.00/turn              q - ring of fire
MPRegen  0.07/turn              C - ring of protection from cold

@: corroded, non-regenerating
A: damage resistance, heal wounds, hooves 1, horns 1, blurry vision 1, fire
resistance 1, sense surroundings 2, shaggy fur 1, no regeneration
a: Heal Wounds, Evoke Berserk Rage


You were on level 9 of the Dungeon.
You were not hungry.

You visited 1 branch of the dungeon, and saw 9 of its levels.

You collected 421 gold pieces.

Inventory:

Hand Weapons
 a - a +5 hand crossbow
 b - a +0 short sword
 k - a +1 war axe (weapon)
 z - a +4 antimagic dire flail
Armour
 c - a +0 leather armour
 d - the +0 helmet of Raitodd {rElec Int+2 Dex-5 SInv}
   (You took it off Robin on level 2 of the Dungeon)

   It affects your intelligence (+2).
   It affects your dexterity (-5).
   It insulates you from electricity.
   It lets you see invisible.
 e - a +0 leather armour
 j - the +0 scale mail "Ilacved" (worn) {rF+ Regen+}
   (You found it on level 9 of the Dungeon)

   It protects you from fire.
   It increases your rate of regeneration.
 s - the cursed +0 ring mail "Siklif" {rF+++ Str+3 Int-5}
   (You found it on level 4 of the Dungeon)

   It affects your strength (+3).
   It affects your intelligence (-5).
   It renders you almost immune to fire.
   It has a curse placed upon it.
 y - a +4 plate armour
Magical Staves
 I - an uncursed staff of summoning {asd}
Jewellery
 q - a ring of fire (left hand)
 C - a ring of protection from cold (right hand)
 K - an amulet of rage (around neck)
Wands
 h - a wand of digging (2)
 H - a wand of iceblast (1)
 J - a wand of polymorph (8)
Scrolls
 m - 4 scrolls of teleportation
 n - 8 scrolls of remove curse
 p - 2 scrolls of noise {unknown}
 u - 3 scrolls of blinking {unknown}
 A - 2 scrolls of vulnerability {unknown}
 F - a scroll of fear
 L - a scroll of silence {unknown}
Potions
 g - 2 potions of ambrosia
 i - a potion of brilliance
 l - a potion of might {unknown}
 o - a potion of cancellation {unknown}
 t - a potion of flight {unknown}
 x - a potion of degeneration {unknown}
 B - a potion of lignification {unknown}
 E - 5 potions of curing
 G - a potion of invisibility {unknown}
Comestibles
 f - 9 rations


   Skills:
 + Level 6.3 Fighting
 + Level 5.0(5.1) Axes
 - Level 1.0(3.0) Maces & Flails
 * Level 12.6 Crossbows
 + Level 5.0 Armour
 + Level 5.6 Dodging
 + Level 3.0 Stealth
 + Level 0.1 Evocations


You had 9 spell levels left.
You didn't know any spells.
Your spell library was empty.

Dungeon Overview and Level Annotations

Branches:
Dungeon (9/15)             Temple (0/1) D:4
   Lair: D:8-11         Orc: D:9-12

Altars:
Dithmenos
Hepliaklqana
Kikubaaqudgha
Okawaru
Qazlal
Wu Jian
The Shining One


Innate Abilities, Weirdness & Mutations

You are resistant to damage.
You can heal yourself by infusing magical energy.
You passively map the area around you.
You do not regenerate.
You have large cloven feet.
You have a pair of small horns on your head.
Scrolls take you a little longer to read.
Your flesh is heat resistant. (rF+)
You are covered in fur. (AC +1)


Message History

The acid corrodes you!
You are splashed with acid!
The acid burns!
* * * LOW HITPOINT WARNING * * *
The jelly completely misses you.
You completely miss the jelly. You kick the jelly.
The jelly is almost dead.
You hit the ooze but do no damage. You hit the jelly.
Your hands burn!
The jelly hits you.
* * * LOW HITPOINT WARNING * * *
The acid corrodes you!
You are splashed with acid!
The acid burns!
* * * LOW HITPOINT WARNING * * *
The ooze barely misses you. The jelly completely misses you.
You hit the jelly.
You kill the jelly!
You hit the ooze but do no damage. You hit the jelly.
Your hands burn!
* * * LOW HITPOINT WARNING * * *
The jelly closely misses you. The ooze closely misses you.
The ooze barely misses you. The jelly hits you.
* * * LOW HITPOINT WARNING * * *
You are splashed with acid!
The acid burns!
You die...

..........#.....#* *
..........#.....# ,,*
..........#.....+, ,...# * ,
..........#.....#, ....#, ,*
...#......'.....# .....#
........######≈.##.....# *
........# #####≈.#.....# , ,*
........# #...#J.#.....#,,,
........# #.((@......# *
........# #...#J.......# ,, *
........#######≈.......#......#
.........#####≈........#......#
..#######.#............#......#
..# #.#............#......# ..#
#.#............#......#
..#######.#............#l.....#
..........#########'####......#


You could see a jelly and an ooze.

Vanquished Creatures
  Pikel (D:5)
  An ugly thing (D:8)
  Grinder (D:5)
  3 hippogriffs
  Sigmund (D:4)
  2 wyverns (D:8)
  A hungry ghost (D:8)
  Edmund (D:5)
  Duvessa (D:5)
  A sky beast (D:6)
  2 orc warriors
  3 slaves
  A phantom (D:6)
  8 ogres
  A necrophage (D:8)
  2 centaurs
  4 bullfrogs
  Blork the orc (D:4)
  A scorpion (D:8)
  Dowan (D:5)
  3 vampire bats (D:2)
  A crimson imp (D:9)
  A quasit (D:6)
  A centaur zombie (D:5)
  6 hounds
  3 jellies (D:9)
  4 bullfrog skeletons
  4 orc priests
  Crazy Yiuf (D:2)
  5 orc wizards
  3 iguanas
  6 worker ants
  A howler monkey zombie (D:8)
  2 worker ant zombies
  Robin (D:2)
  7 gnolls
  9 adders
  4 oozes (D:9)
  2 adder skeletons (D:8)
  An adder zombie (D:7)
  2 worms
  2 dart slugs (D:1)
  4 leopard geckos
  33 orcs
  A bat skeleton (D:2)
  5 bat zombies (D:2)
  2 giant cockroaches
  17 goblins
  10 hobgoblins
  6 jackals
  5 quokkas
  4 ball pythons
  4 bats
  6 frilled lizards
  A jackal zombie (D:5)
  5 kobolds
  A leopard gecko skeleton (D:8)
  A quokka skeleton (D:6)
  A quokka zombie (D:9)
  6 rats
218 creatures vanquished.

Vanquished Creatures (others)
  A giant cockroach zombie (D:5)
1 creature vanquished.

Grand Total: 219 creatures vanquished

Notes
Turn   | Place    | Note
-------+----------+-------------------------------------------
     0 | D:1      | BingusPrime the Deep Dwarf Hunter began the quest for the
                  | Orb.
     0 | D:1      | Reached XP level 1. HP: 19/19 MP: 1/1
   153 | D:1      | Reached XP level 2. HP: 26/26 MP: 2/2
   493 | D:2      | Reached skill level 5 in Crossbows
   517 | D:2      | Identified the +0 helmet of Raitodd {rElec Int+2 Dex-5
                  | SInv}
   517 | D:2      | Noticed Robin
   535 | D:2      | Reached XP level 3. HP: 27/32 MP: 3/3
   549 | D:2      | Killed Robin
   828 | D:2      | Found a runed door.
  1020 | D:2      | Reached XP level 4. HP: 19/39 MP: 4/4
  1251 | D:2      | Found an ancient bone altar of Kikubaaqudgha.
  1252 | D:2      | Reached skill level 6 in Crossbows
  1256 | D:2      | Reached XP level 5. HP: 22/45 MP: 5/5
  1264 | D:2      | Reached skill level 1 in Armour
  1553 | D:2      | Noticed Crazy Yiuf
  1563 | D:2      | Killed Crazy Yiuf
  1563 | D:2      | Reached skill level 7 in Crossbows
  1746 | D:3      | Found a stormy altar of Qazlal.
  1896 | D:3      | Reached XP level 6. HP: 33/52 MP: 4/4
  2181 | D:4      | Got a heavily runed ring mail
  2187 | D:4      | Identified the cursed +0 ring mail "Siklif" {rF+++ Str+3
                  | Int-5} (You found it on level 4 of the Dungeon)
  2247 | D:4      | Noticed Blork the orc
  2271 | D:4      | Killed Blork the orc
  2376 | D:4      | Reached skill level 8 in Crossbows
  2461 | D:4      | Found a staircase to the Ecumenical Temple.
  2475 | D:4      | Reached skill level 1 in Axes
  2493 | D:4      | Reached XP level 7. HP: 37/61 MP: 5/5
  2823 | D:4      | Noticed Sigmund
  2828 | D:4      | Killed Sigmund
  2828 | D:4      | Reached skill level 9 in Crossbows
  2931 | D:5      | Entered Level 5 of the Dungeon
  2937 | D:5      | Noticed Pikel
  3185 | D:5      | Found an ornate altar of the Wu Jian Council.
  3185 | D:5      | Found an iron altar of Okawaru.
  3264 | D:5      | Killed Pikel
  3264 | D:5      | Reached skill level 10 in Crossbows
  3264 | D:5      | Reached XP level 8. HP: 37/70 MP: 5/5
  3284 | D:5      | Found a glowing golden altar of the Shining One.
  3629 | D:5      | Noticed Edmund
  3657 | D:5      | Killed Edmund
  3841 | D:5      | Found a shadowy altar of Dithmenos.
  3904 | D:5      | Noticed Grinder
  3923 | D:5      | Killed Grinder
  3923 | D:5      | Reached skill level 11 in Crossbows
  3949 | D:5      | Noticed Dowan
  3958 | D:5      | Noticed Duvessa
  3990 | D:5      | Killed Dowan
  3990 | D:5      | Gained mutation: You passively map the area around you.
                  | [Deep Dwarf growth]
  3990 | D:5      | Reached XP level 9. HP: 43/78 MP: 2/6
  3997 | D:5      | Killed Duvessa
  4286 | D:6      | Reached skill level 1 in Maces & Flails
  4866 | D:7      | Found an ancient bone altar of Kikubaaqudgha.
  5143 | D:7      | Reached skill level 5 in Fighting
  5357 | D:7      | Found a hazy altar of Hepliaklqana.
  5625 | D:8      | Reached skill level 12 in Crossbows
  5978 | D:8      | Reached XP level 10. HP: 52/88 MP: 3/3
  6012 | D:8      | Noticed a cyan ugly thing
  6100 | D:8      | Reached skill level 5 in Dodging
  6226 | D:8      | Paralysed by fainting for 12 turns
  6492 | D:8      | Killed a cyan ugly thing
  6710 | D:8      | Gained mutation: Scrolls take you a little longer to read.
                  | [potion of mutation]
  6710 | D:8      | Gained mutation: Your flesh is heat resistant. (rF+)
                  | [potion of mutation]
  6710 | D:8      | Gained mutation: Scrolls take you longer to read. [potion
                  | of mutation]
  6710 | D:8      | Gained mutation: You have large cloven feet. [potion of
                  | mutation]
  6711 | D:8      | Lost mutation: Scrolls take you longer to read. [potion of
                  | mutation]
  6711 | D:8      | Gained mutation: You are somewhat resistant to further
                  | mutation. [potion of mutation]
  6711 | D:8      | Lost mutation: You are somewhat resistant to further
                  | mutation. [potion of mutation]
  6711 | D:8      | Gained mutation: You have a pair of small horns on your
                  | head. [potion of mutation]
  6711 | D:8      | Gained mutation: You are covered in fur. (AC +1) [potion of
                  | mutation]
  7154 | D:9      | Got a heavily runed scale mail
  7165 | D:9      | Identified the +0 scale mail "Ilacved" {rF+ Regen+} (You
                  | found it on level 9 of the Dungeon)
  7176 | D:9      | Reached skill level 5 in Axes
  7320 | D:9      | Reached skill level 5 in Armour
  7451 | D:9      | Splashed by a jelly's acid

Vault maps used:
D:1:      saegor_arrival_simple_b
D:2:      wad_pebble_path, kennysheep_vampire_church, minmay_misc_feat_five,
          serial_bayou_pond_e, uniq_crazy_yiuf_cottage, uniq_robin
D:3:      grunt_qazlal_clouds, st_stairs_12
D:4:      minmay_temple_entry_from_below_a, first_ration,
          hangedman_abyss_or_decor_stagger, fountainhead, uniq_blork_the_orc,
          uniq_sigmund
D:5:      nicolae_dithmenos_through_a_glass_darkly,
          gammafunk_temple_overflow_claw, uniq_edmund, uniq_pikel, uniq_duvessa,
          uniq_grinder
D:7:      kennysheep_little_box, basic_altar
D:9:      hangedman_little_slice_of_home

Skill      XL: |  1  2  3  4  5  6  7  8  9 10 |
---------------+-------------------------------+-----
Crossbows      | 5 6 7 8 10 11 12 | 12.6
Fighting       | 2 3 4 5 6 |  6.3
Armour         | 1 2 3 4 5 |  5.0
Axes           | 1 2 4 5 |  5.0
Dodging        | 3 4 5 |  5.6
Stealth        | 2 3 |  3.0
Maces & Flails | 1 |  1.0
Evocations     | |  0.1

Action                   |  1- 3 |  4- 6 |  7- 9 | 10-12 || total
-------------------------+-------+-------+-------+-------++-------
Melee: War axe           |       |    49 |    50 |    74 ||   173
       Dire flail        |       |       |    18 |       ||    18
       Kick              |       |       |       |    10 ||    10
       Staff             |       |       |       |     4 ||     4
       Headbutt          |       |       |       |     4 ||     4
 Fire: Hand crossbow     |    81 |    99 |   294 |    95 ||   569
Throw: Tomahawk          |       |       |       |     4 ||     4
 Abil: Heal Wounds       |       |     6 |    19 |     7 ||    32
       Evoke Berserk Rag |       |       |       |     1 ||     1
Evoke: Wand              |       |       |     1 |     2 ||     3
  Use: Scroll            |     3 |     3 |     8 |     6 ||    20
       Potion            |       |       |       |     4 ||     4
  Eat: Ration            |       |     1 |     2 |     1 ||     4
       Chunk             |       |     1 |     5 |     8 ||    14
Armor: Leather armour    |    16 |    25 |    28 |    22 ||    91
       Scale mail        |       |       |       |     2 ||     2
Dodge: Dodged            |    39 |    56 |   110 |    92 ||   297

Table legend:
 A = Non-vault XP
 B = Vault XP
 C = Vault XP percentage of total XP
 D = Non-vault monster count
 E = Vault monster count
 F = Vault count percentage of total count
                 A         B        C        D         E       F
            +---------+---------+-------+---------+---------+-------
      Total |    5911 |    1987 |  25.2 |     177 |      38 |  17.7
            +---------+---------+-------+---------+---------+-------
        D:1 |      22 |       0 |   0.0 |      11 |       0 |   0.0
        D:2 |      53 |     255 |  82.8 |      23 |      23 |  50.0
        D:3 |      56 |       2 |   3.4 |      18 |       2 |  10.0
        D:4 |     562 |     312 |  35.7 |      26 |       2 |   7.1
        D:5 |     448 |    1302 |  74.4 |      14 |       5 |  26.3
        D:6 |     867 |       0 |   0.0 |      17 |       0 |   0.0
        D:7 |     571 |       0 |   0.0 |      19 |       0 |   0.0
        D:8 |    2402 |       0 |   0.0 |      30 |       0 |   0.0
        D:9 |     930 |     116 |  11.1 |      19 |       6 |  24.0
            +---------+---------+-------+---------+---------+-------
